 Dungeon Crawl Stone Soup version 0.30-a0-778-g2ef04afb54 (webtiles) character file.

Game seed: 17292353373261361002

36186 funkygono the Arsonist (level 13, -17/68 HPs)
             Began as a Gargoyle Fire Elementalist on Feb 16, 2023.
             Was a Priest of Vehumet.
             Demolished by an orc warlord
             ... wielding a +3 great sword of protection
              (24 damage)
             ... on level 1 of the Orcish Mines.
             The game lasted 00:33:29 (18788 turns).

funkygono the Arsonist (GrFE)                      Turns: 18788, Time: 00:33:30

Health: -17/68     AC: 22    Str: 11    XL:     13   Next: 88%
Magic:  16/30      EV: 18    Int: 22    God:    Vehumet [***...]
Gold:   1314       SH:  5    Dex: 10    Spells: 22/38 levels left

rFire   + . .      SeeInvis .    y - +3 whip (flame)
rCold   . . .      Faith    .    (no shield)
rNeg    + + .      Spirit   .    v - +2 robe {rC+}
rPois   ∞          Reflect  +    (no helmet)
rElec   +          Harm     .    M - +2 cloak
rCorr   .          Rampage  .    t - +2 pair of gloves
Will    .....                    E - +2 pair of boots
Stlth   ++                       j - amulet "Ugybb" {Reflect +Blink rN+ SH+5}
HPRegen 0.31/turn                k - ring of fire
MPRegen 0.22/turn                b - +5 ring of evasion

@: hasted, studying Shields, very quick
A: sickness immunity, AC +9, negative energy resistance 1, electricity
resistance, torment resistance 1, petrification resistance
a: Renounce Religion, Evoke Blink


You were on level 1 of the Orcish Mines.
You worshipped Vehumet.
Vehumet was most pleased with you.
You visited 4 branches of the dungeon, and saw 15 of its levels.
You also visited: Sewer and Bailey.

You collected 1389 gold pieces.
You spent 75 gold pieces at shops.

Inventory:

Hand Weapons
 c - a +1 demon whip of venom
 y - a +3 whip of flaming (weapon)
Armour
 a - a +2 leather armour of poison resistance
 t - a +2 pair of gloves (worn)
 v - a +2 robe of cold resistance (worn)
 E - a +2 pair of boots (worn)
 M - a +2 cloak (worn)
Magical Staves
 h - a staff of earth
Jewellery
 b - a +5 ring of evasion (right hand)
 j - the amulet "Ugybb" (around neck) {Reflect +Blink rN+ SH+5}
   (You acquired it on level 3 of the Dungeon)

   [amulet of reflection]

   It reflects blocked missile attacks.
   rN:        It protects you from negative energy.
   +Blink:    It lets you blink.
   SH:        It affects your SH (+5).
 k - a ring of fire (left hand)
 m - a ring of resist corrosion
 n - a ring of magical power
 r - a ring of flight
 u - an amulet of guardian spirit
 C - an amulet of regeneration
Wands
 i - a wand of charming (8)
 q - a wand of digging (4)
 S - a wand of flame (23)
Scrolls
 e - 4 scrolls of teleportation
 s - a scroll of fear
 w - a scroll of poison
 x - a scroll of fog
 A - 3 scrolls of enchant armour
 D - 2 scrolls of blinking
 H - 3 scrolls of silence
 Q - a scroll of amnesia
Potions
 d - 3 potions of cancellation
 f - a potion of ambrosia
 g - 9 potions of curing
 l - 3 potions of flight
 o - 4 potions of brilliance
 p - 2 potions of might
 z - 4 potions of mutation
 B - a potion of berserk rage {unknown}
 K - 4 potions of lignification
 L - 2 potions of resistance {unknown}


   Skills:
 + Level 2.7 Fighting
 + Level 3.1 Maces & Flails
 + Level 4.4 Dodging
 - Level 2.1 Stealth
 + Level 4.1 Shields
 + Level 13.2 Spellcasting
 + Level 11.6 Conjurations
 + Level 0.3 Translocations
 + Level 14.0 Fire Magic
 + Level 0.7 Air Magic
 + Level 0.6 Evocations


You had 22 spell levels left.
You knew the following spells:

 Your Spells              Type           Power      Damage    Failure   Level
a - Foxfire               Conj/Fire      100%       2x1d9     0%          1
b - Scorch                Fire           100%       2d10      0%          2
c - Kindle Blastsparks    Fire/Tloc/Air  100%       2d18      1%          3
d - Flame Wave            Conj/Fire      82%        2d18      1%          4
e - Sandblast             Erth           28%        2d8       1%          1
f - Shock                 Conj/Air       100%       1d9       1%          1
g - Sticky Flame          Conj/Fire      82%        2d9       1%          4

Your spell library contained the following spells:

 Spells                   Type           Power      Damage    Failure   Level
 Kiss of Death            Conj/Necr      100%       2d13      1%          1
 Momentum Strike          Conj/Tloc      82%        3d10      1%          2
 Dazzling Flash           Conj/Hex       80%        N/A       1%          3
 Ignite Poison            Fire/Tmut/Pois 51%        N/A       1%          3
 Inner Flame              Hex/Fire       62%        N/A       1%          3
 Fulminant Prism          Conj/Hex       20%        3d12      1%          4
 Iskenderun's Mystic Bla  Conj/Tloc      41%        2d9       1%          4
 Iskenderun's Battlesphe  Conj           60%        2d11      1%          5
 Slow                     Hex            56%        N/A       4%          1
 Blink                    Tloc           32%        N/A       5%          2
 Lesser Beckoning         Tloc           32%        N/A       5%          2
 Freezing Cloud           Conj/Ice/Air   16%        6-21      6%          5
 Confusing Touch          Hex            14%        N/A       13%         3
 Ozocubu's Armour         Ice            14%        N/A       13%         3
 Vampiric Draining        Necr           14%        2d7       13%         3
 Conjure Ball Lightning   Conj/Air       20%        3x3d6     13%         6
 Iron Shot                Conj/Erth      20%        9d5       16%         6
 Lee's Rapid Deconstruct  Erth           7%         3d6*      30%         5
 Passage of Golubria      Tloc           16%        N/A       36%         4
 Dispel Undead            Necr           14%        3d10      41%         4
 Spellforged Servitor     Conj/Summ      20%        N/A       61%         7
 Silence                  Hex/Air        8%         N/A       71%         5
 Agony                    Necr           14%        N/A       77%         5
 Lehudib's Crystal Spear  Conj/Erth      20%        10d6      99%         8
 Death Channel            Necr           7%         N/A       100%        6
 Ozocubu's Refrigeration  Ice            7%         4d9       100%        7
 Borgnjor's Revivificati  Necr           7%         N/A       100%        8
 Discord                  Hex            7%         N/A       100%        8
 Disjunction              Tloc           8%         N/A       100%        8
 Cigotuvi's Dreadful Rot  Necr/Pois/Air  Unusable   N/A       N/A         2

Dungeon Overview and Level Annotations

Branches:
Dungeon (10/15)            Temple (1/1) D:6            Lair (3/5) D:8
  Snake (0/4) Lair:3          Orc (1/2) D:9           Sewer (visited)
 Bailey (visited)
  Swamp: Lair:2-3    Shoals: Lair:2-3

Altars:
Ashenzari
Cheibriados
Dithmenos
Elyvilon
Fedhas
Gozag
Hepliaklqana
Kikubaaqudgha
Makhleb
Nemelex Xobeh
Okawaru
Qazlal
Ru
Sif Muna
Trog
Uskayaw
Vehumet
Wu Jian
Xom
Yredelemnul
Zin
The Shining One

Shops:
D:4 *   D:9 !


Innate Abilities, Weirdness & Mutations

You are immune to sickness and miasma.
Your stone body is resilient. (AC +9)
You are immune to poison.
You resist negative energy. (rN+)
You are resistant to electric shocks. (rElec)
You are resistant to unholy torment.
You are immune to petrification.


Message History

The orc warlord is moderately wounded.
The orc warlord burns!
The orc warlord hits you with a +3 great sword of protection!
A wave of flame ripples out!
The flame wave engulfs the orc warlord!
The orc warlord resists.
The orc warlord is moderately wounded.
You finish channelling waves of flame.
The orc warlord burns!
The orc warlord hits you with a +3 great sword of protection!!
* * * LOW HITPOINT WARNING * * *
You feel much better.
The orc warlord burns!
The orc warlord hits you with a +3 great sword of protection.
Casting: Flame Wave (safe; 1% risk of failure)
Confirm with . or Enter, or press ? or * to list all spells.
Casting: Flame Wave (safe; 1% risk of failure)
Press: ? - help, Dir - look around, f - activate You feel a surge of power!
A wave of flame ripples out!
The flame wave engulfs the orc warlord but does no damage.
The orc warlord is heavily wounded. (Press . to intensify the flame waves.)
The orc warlord burns!
The orc warlord stops burning.
The orc warlord hits you with a +3 great sword of protection!
* * * LOW HITPOINT WARNING * * *
Unknown command.
A wave of flame ripples out!
The flame wave engulfs the orc warlord.
The orc warlord resists.
The orc warlord is heavily wounded.
The orc warlord hits you with a +3 great sword of protection.
* * * LOW HITPOINT WARNING * * *
A wave of flame ripples out!
The flame wave engulfs the orc warlord!
The orc warlord resists.
The orc warlord is heavily wounded.
You finish channelling waves of flame.
The orc warlord hits you with a +3 great sword of protection.
* * * LOW HITPOINT WARNING * * *
Casting: Flame Wave (safe; 1% risk of failure)
Confirm with . or Enter, or press ? or * to list all spells.
Okay, then.
You feel yourself speed up.
The orc warlord hits you with a +3 great sword of protection!!
You die...

.# ##....##.#.######
......#.#.............##.
...........#.......#.......
#..........###..............
.............#...##.........#
.....#..#..........##.......##
..................##......##..
.. ................####.#.......
#.##.......[.[>@)[..##..........
..#.#........[[o...............
#............).............#..
#...........[.#..............
##...........................
#.....#...#.............#....
##....#.......##.............
###.#.......###........#....
##..........###.##.....#...


You could see an orc warlord.

Vanquished Creatures
  An ettin (Orc:1)
  A hydra (Lair:3)
  2 two-headed ogres
  An orc high priest (Orc:1)
  Amaemon (Lair:1)
  A fire crab (Lair:3)
  Nergalle (Lair:1)
  2 skysharks (Lair:3)
  2 orc knights (Orc:1)
  2 orc sorcerers (Orc:1)
  21 elephants
  4 black mambas
  Joseph (D:8)
  6 cane toads
  An orange demon (Lair:1)
  5 komodo dragons
  2 hornets
  A troll (D:10)
  7 blink frogs
  A shadow (D:10)
  Sigmund (D:4)
  3 wyverns
  24 yaks
  Grum (Lair:1)
  2 basilisks
  A steam dragon (D:9)
  A warg (Orc:1)
  2 acid dragons
  9 water moccasins
  Duvessa (D:4)
  3 black bears
  Pargi (Sewer)
  28 orc warriors
  2 ice beasts
  2 sky beasts (D:6)
  8 wolves
  3 ogres
  14 centaurs
  5 kobold brigands
  A necrophage (D:6)
  12 bullfrogs
  6 scorpions
  Dowan (D:4)
  13 wights
  4 killer bees (D:9)
  11 orc priests
  A gnoll bouda (D:9)
  4 hounds
  A jelly (D:6)
  4 iguanas
  14 orc wizards
  10 adders
  12 gnolls
  3 white imps
  An ufetubus (D:6)
  A worm (D:3)
  A dart slug (D:3)
  51 orcs
  15 ball pythons
  A bat (D:1)
  3 endoplasms
  5 giant cockroaches
  8 goblins
  7 hobgoblins
  3 quokkas
  4 frilled lizards
  29 kobolds
  5 rats
405 creatures vanquished.

Vanquished Creatures (collateral kills)
  5 foxfires
5 creatures vanquished.

Vanquished Creatures (others)
  1497 foxfires
  64 fungi
  70 plants
1631 creatures vanquished.

Grand Total: 2041 creatures vanquished

Notes
Turn   | Place    | Note
-------+----------+-------------------------------------------
     0 | D:1      | funkygono the Gargoyle Fire Elementalist began the quest
                  | for the Orb.
     0 | D:1      | Reached XP level 1. HP: 10/10 MP: 3/3
   542 | D:1      | Reached XP level 2. HP: 15/15 MP: 1/5
   545 | D:1      | Learned a level 2 spell: Scorch
  1149 | D:2      | Reached XP level 3. HP: 15/19 MP: 0/6
  1153 | D:2      | Learned a level 3 spell: Kindle Blastsparks
  1286 | D:2      | Identified the +2 trident "Jupnadoq" {drain, *Noise rElec
                  | Int+4}
  1416 | D:2      | Reached XP level 4. HP: 21/24 MP: 1/7
  1439 | D:2      | Reached skill level 4 in Fire Magic
  2627 | D:3      | You fall into a shaft and drop 2 floors!
  2627 | D:5      | Entered Level 5 of the Dungeon
  2633 | D:5      | Noticed an ice beast
  2639 | D:5      | Killed an ice beast
  2640 | D:5      | Reached XP level 5. HP: 28/28 MP: 2/9
  2704 | D:5      | Learned a level 4 spell: Flame Wave
  2774 | D:4      | Noticed Sigmund
  2784 | D:4      | Killed Sigmund
  2785 | D:4      | Reached XP level 6. HP: 31/33 MP: 1/11
  3030 | D:4      | Noticed an ice beast
  3038 | D:4      | Killed an ice beast
  3039 | D:4      | Reached skill level 5 in Fire Magic
  3039 | D:4      | Reached XP level 7. HP: 37/37 MP: 2/12
  3052 | D:4      | Found a glowing drain.
  3123 | Sewer    | Entered a sewer
  3269 | Sewer    | Noticed Pargi
  3274 | Sewer    | Killed Pargi
  3985 | D:3      | Identified a scroll of acquirement
  3985 | D:3      | Acquired the amulet "Ugybb" {Reflect +Blink rN+ SH+5}
  4095 | D:4      | Found Ukhesm's Overcharged Wands.
  4381 | D:4      | Noticed Duvessa
  4381 | D:4      | Noticed Dowan
  4395 | D:4      | Killed Duvessa
  4397 | D:4      | Killed Dowan
  4398 | D:4      | Reached skill level 5 in Conjurations
  4834 | D:5      | Reached XP level 8. HP: 42/42 MP: 10/15
  4955 | D:5      | Found an ornate altar of the Wu Jian Council.
  5004 | D:5      | Reached skill level 5 in Spellcasting
  5004 | D:5      | Reached skill level 6 in Fire Magic
  6092 | D:6      | Reached skill level 7 in Fire Magic
  6285 | D:6      | Reached XP level 9. HP: 45/46 MP: 7/18
  6884 | D:6      | Reached skill level 8 in Fire Magic
  6947 | D:6      | Found a staircase to the Ecumenical Temple.
  6958 | Temple   | Entered the Ecumenical Temple
  7471 | D:7      | Noticed a two-headed ogre
  7480 | D:7      | Killed a two-headed ogre
  7890 | D:7      | Reached XP level 10. HP: 51/51 MP: 17/21
  7925 | D:7      | Identified the +7 spear "Zoizxup" {flame, Dex+2}
  8083 | D:7      | Reached skill level 9 in Fire Magic
  8678 | D:8      | Reached skill level 1 in Maces & Flails
  8791 | D:8      | Found a sacrificial altar of Ru.
  8792 | D:8      | Found a burning altar of Makhleb.
  9004 | D:8      | Reached skill level 1 in Fighting
  9152 | D:8      | Found a flagged portal.
  9169 | Bailey   | Entered a bailey
  9737 | Bailey   | Reached skill level 10 in Fire Magic
  9850 | Bailey   | Reached XP level 11. HP: 48/56 MP: 16/24
 10028 | Bailey   | Got the Anthology of the Lethal Quake
 10644 | D:8      | Noticed Joseph
 10654 | D:8      | Killed Joseph
 10655 | D:8      | Reached skill level 1 in Shields
 10750 | D:8      | Found a staircase to the Lair.
 11338 | D:9      | Found a staircase to the Orcish Mines.
 11424 | D:9      | Found an opulent altar of Gozag.
 11465 | D:9      | Found Tuuwalut's Distillery.
 11485 | D:9      | Noticed a two-headed ogre
 11742 | D:9      | Identified the +10 short sword of Futuristic Integrity
                  | {drain, SInv}
 11826 | D:9      | Bought a potion of heal wounds for 75 gold pieces
 11991 | D:9      | Killed a two-headed ogre
 11992 | D:9      | Reached skill level 10 in Spellcasting
 12070 | D:9      | Learned a level 1 spell: Sandblast
 12161 | D:10     | Entered Level 10 of the Dungeon
 12590 | D:10     | Found a radiant altar of Vehumet.
 12597 | D:10     | Became a worshipper of Vehumet
 12664 | D:10     | Found a shimmering altar of Xom.
 12930 | D:10     | Reached skill level 11 in Fire Magic
 13455 | Lair:1   | Entered Level 1 of the Lair of Beasts
 13690 | Lair:1   | Noticed Grum
 13699 | Lair:1   | Killed Grum
 13868 | Lair:1   | Noticed Nergalle
 13878 | Lair:1   | Noticed Amaemon
 13879 | Lair:1   | Killed Nergalle
 13880 | Lair:1   | Reached XP level 12. HP: 51/62 MP: 11/26
 13882 | Lair:1   | Reached skill level 10 in Conjurations
 13909 | Lair:1   | Killed Amaemon
 14249 | Lair:1   | Reached * piety under Vehumet
 14249 | Lair:1   | Offered knowledge of Shock by Vehumet.
 14374 | Lair:1   | Reached skill level 12 in Fire Magic
 15363 | Lair:1   | Learned a level 1 spell: Shock
 15788 | Lair:2   | You fall into a shaft and drop 1 floor!
 15788 | Lair:3   | Noticed a six-headed hydra
 15806 | Lair:3   | Killed a six-headed hydra
 15806 | Lair:3   | Offered knowledge of Static Discharge by Vehumet.
 15807 | Lair:3   | Reached XP level 13. HP: 58/68 MP: 27/29
 15809 | Lair:3   | Reached ** piety under Vehumet
 15813 | Lair:3   | Reached skill level 13 in Fire Magic
 17094 | Lair:3   | Found a staircase to the Snake Pit.
 17293 | Orc:1    | Entered Level 1 of the Orcish Mines
 17323 | Orc:1    | Offered knowledge of Hailstorm by Vehumet.
 17551 | Orc:1    | Noticed an ettin
 17562 | Orc:1    | Killed an ettin
 17636 | Orc:1    | Noticed an orc warlord
 17640 | Orc:1    | Reached *** piety under Vehumet
 18094 | Orc:1    | Paralysed by an orc sorcerer for 4 turns
 18098 | Orc:1    | Offered knowledge of Sticky Flame by Vehumet.
 18275 | Orc:1    | Reached skill level 14 in Fire Magic
 18384 | Orc:1    | Learned a level 4 spell: Sticky Flame
 18788 | Orc:1    | Demolished by an orc warlord

Illustrated notes

Levels and vault maps discovered:
D:1:      doesnt_arrival_eight_statues, layout_basic, minmay_pentomino_w2
D:2:      layout_basic
D:3:      layout_basic, kennysheep_generic_room_2
D:4:      layout_basic, portal_sewer_entry_a, nicolae_shop_overcharged_wands,
          uniq_sigmund, uniq_duvessa
D:5:      layout_loops_ring, mainiacjoe_overflow_tiny_flanked
D:6:      layout_loops_corners, minmay_temple_entry_glassed_door,
          minmay_fountain_box, minmay_fractal_squares_gapless_5
D:7:      layout_gridville, st_stairs_2
D:8:      layout_loops_ring, minitemple, due_lair_maze_entry_diamond,
          enter_bailey_5, uniq_joseph
D:9:      layout_roguey, general_overflow_altar, david_orc_3, serial_shops,
          nicolae_shop_temple_entry_statues_fountains
D:10:     layout_stronghold, overflow_temple_1_default, xom_butterflies
Temple:   regret_index_temple_sphere_string
Lair:1:   layout_cave_pods, minmay_holes, chequers_serial_rivers_large_b,
          st_stairs_10, minivault_11, uniq_grum, uniq_amaemon, uniq_nergalle
Lair:2:   layout_loops_ring
Lair:3:   layout_cave_shapes, nicolae_swamp_entry_splash_gauntlet,
          nicolae_snake_entry_warm_welcome, beast_lair_carwin_1
Orc:1:    orc_temple, layout_caves

Skill      XL: |  1  2  3  4  5  6  7  8  9 10 11 12 13 |
---------------+----------------------------------------+-----
Conjurations   | 2 3 4 5 6 7 8 9 10 11 | 11.6
Dodging        | 2 3 4 |  4.4
Fire Magic     | 4 5 7 8 10 11 12 14 | 14.0
Spellcasting   | 3 4 6 7 9 10 12 13 | 13.2
Maces & Flails | 2 3 |  3.1
Fighting       | 1 2 |  2.7
Shields        | 1 3 4 |  4.1
Stealth        | |  2.1
Translocations | |  0.3
Air Magic      | |  0.7
Evocations     | |  0.6

Action                     |  1- 3 |  4- 6 |  7- 9 | 10-12 | 13-15 || total
---------------------------+-------+-------+-------+-------+-------++-------
  Melee: Whip              |       |    10 |     9 |    57 |    15 ||    91
   Cast: Foxfire           |    36 |    56 |   169 |   431 |   163 ||   855
         Scorch            |       |     7 |    33 |    90 |    17 ||   147
         Flame Wave        |       |       |     4 |    34 |    43 ||    81
         Kindle Blastspark |       |       |       |     4 |       ||     4
         Sticky Flame      |       |       |       |       |     1 ||     1
  Evoke: Wand              |       |       |       |       |    10 ||    10
    Use: Scroll            |       |       |    18 |    17 |     1 ||    36
         Potion            |       |       |       |     3 |     8 ||    11
 Armour: Robe              |     1 |     5 |     8 |    84 |    60 ||   158
  Dodge: Dodged            |    13 |    26 |    22 |   188 |    89 ||   338
  Block: Other             |       |       |     6 |    59 |    25 ||    90
         Reflection        |       |       |     2 |     2 |       ||     4

Table legend: (Time is in decaauts)
 A = Elapsed time spent in this place.
 B = Non-inter-level travel time spent in this place.
 C = Inter-level travel time spent in this place.
 D = Time resting spent in this place.
 E = Time spent auto-exploring this place.
 F = Levels seen in this place.
 G = Mean time per level.
                   A        B        C        D        E       F      G
               +--------+--------+--------+--------+--------+-----+--------+
         Total |  18811 |  18182 |    629 |   1186 |  13626 |  17 | 1106.5 |
       Dungeon |  12105 |  11646 |    459 |    768 |   8894 |  10 | 1210.5 |
        Temple |    157 |    149 |      8 |      0 |    135 |   1 |  157.0 |
          Lair |   3818 |   3659 |    159 |      0 |   3005 |   3 | 1272.7 |
  Orcish Mines |   1118 |   1116 |      2 |      0 |    760 |   1 | 1118.0 |
         Sewer |    378 |    378 |      0 |      0 |    305 |   1 |  378.0 |
        Bailey |   1232 |   1232 |      0 |    418 |    527 |   1 | 1232.0 |
               +--------+--------+--------+--------+--------+-----+--------+

Top non-repeatable levels by time:
  Lair:1: 1886 daAuts
     D:8: 1683 daAuts
     D:6: 1659 daAuts
  Lair:2: 1380 daAuts
     D:4: 1289 daAuts
     D:9: 1250 daAuts
  Bailey: 1232 daAuts
     D:3: 1214 daAuts
    D:10: 1191 daAuts
   Orc:1: 1118 daAuts
     D:7: 1092 daAuts
     D:1: 1049 daAuts
     D:5: 855 daAuts
     D:2: 818 daAuts
  Lair:3: 551 daAuts
